Unix NetHack Version 5.0.0-0 post-release - last build May 31 2026 23:59:36 (970b52f25bf058293b47ddfd14a1e40e571c508c,branch:main).

Game began 2026-05-30 19:04:20, ended 2026-06-08 08:17:47.

Brudee, neutral female human Tourist

            -----
         a   a..|
   a ---------a.--   -------
     |.......|B.a-- --.......
   AA|.....@.|.a..---..).....
     |...@.&a-@a...@.........
    a|...@...|.a..---........
     |.......|aa.-- --.......
     ---------..--    ---|---
       Aaa B aa.|   ----...-------
            -----  ....=.........|
                   ..)...........-
                  |...............-
                    .....).)......
                     ......)......
                      -----------
Brudee the Voyager          St:18/90 Dx:20 Co:17 In:18 Wi:18 Ch:18  Neutral S:1588189
Astral Plane $:0  HP:108(201) Pw:158(158) AC:-35 Xp:25/50092978 T:51375 

Latest messages:
 The invisible Angel of Offler swings her long sword.
 The invisible Angel of Offler hits!
 The invisible Angel of Offler swings her long sword.
 The invisible Angel of Offler hits again!
 The invisible Angel of Offler hits!
 The invisible Angel of Offler casts a spell at you!
 You are hit by a shower of missiles!
 The missiles bounce off!
 You hit the invisible Angel of Offler!
 You kill the invisible Angel of Offler!
 The priestess of Blind Io turns to flee.
 You stop.  The high priestess of The Lady doesn't want to swap places.
 The air crackles around the priestess of The Lady.
 You stop.  The high priestess of The Lady doesn't want to swap places.
 You stop.  The high priestess of The Lady is in the way!
 You stop.  The high priestess of The Lady doesn't want to swap places.
 Famine moves the giant ant out of the way!
 The priestess of Blind Io picks up a worthless piece of white glass.
 There is a high altar to The Lady (neutral) here.
 You stop.  The high priestess of The Lady doesn't want to swap places.
 The priestess of Blind Io casts a spell!
 The priestess of Blind Io looks better.
 The priestess of Blind Io picks up a worthless piece of violet glass.
 You stop.  The high priestess of The Lady doesn't want to swap places.
 You stop.  The high priestess of The Lady doesn't want to swap places.
 Famine moves the soldier ant out of the way!
 The priestess of Blind Io picks up a worthless piece of green glass.
 Famine picks up a wand of digging.
 You hear a chugging sound.
 You stop.  The high priestess of The Lady doesn't want to swap places.
 The priestess of Blind Io picks up a long sword.
 The priestess of Blind Io turns to flee.
 You hit the priestess of Blind Io!
 You hit the priestess of Blind Io!
 The priestess of Blind Io wields a long sword!
 The priestess of Blind Io picks up a large shield.
 The priestess of Blind Io picks up a small shield.
 The priestess of Offler picks up a mace.
 What do you want to sacrifice? [Z or ?*] ?
 You offer the Amulet of Yendor to The Lady...
 An invisible choir sings, and you are bathed in radiance...
 The voice of The Lady thunders: "Mortal, thou hast done well!"
 "In return for thy service, I grant thee the gift of Immortality!"
 You ascend to the status of Demigoddess...
 Do you want your possessions identified? [ynq] (y) y
 Do you want to see your attributes? [ynq] (y) y
 Do you want an account of creatures vanquished? [ynaq] (y) y
 Do you want a list of species genocided and extinct? [ynaq] (y) y
 Do you want to see your conduct and achievements? [ynq] (y) y
 Do you want to see the dungeon overview? [ynq] (y) y

Inventory:
 Amulets  ('"')
  T - an uncursed greased amulet of flying
  V - an uncursed amulet of magical breathing
 Weapons  (')')
  s - a blessed poisoned +5 shuriken
  H - 4 blessed poisoned +4 shuriken
  h - a blessed poisoned +3 shuriken
  r - a blessed +5 shuriken
  c - a blessed +4 shuriken
  j - a blessed greased +7 crysknife (wielded in left hand)
  w - the blessed greased rustproof +6 Vorpal Blade (wielded in right hand)
 Armor    ('[')
  Y - a blessed greased fireproof +7 elven leather helm (being worn)
  F - a blessed greased fireproof +4 pair of gauntlets of dexterity (being worn)
  d - a blessed greased +3 pair of jumping boots (being worn)
  A - a blessed greased fireproof +1 cloak of magic resistance (being worn)
  l - a blessed fireproof +4 Hawaiian shirt with a sea turtle motif (being worn)
  I - a blessed +4 blue dragon scale mail (being worn)
 Scrolls  ('?')
  x - an uncursed scroll of scare monster
 Potions  ('!')
  J - an uncursed potion of full healing
  m - an uncursed potion of hallucination
  y - an uncursed potion of sickness
  K - a potion of holy water
 Rings    ('=')
  O - an uncursed ring of conflict
  G - an uncursed ring of free action (on left hand)
  R - an uncursed +4 ring of increase accuracy
  L - an uncursed +3 ring of increase accuracy (on right hand)
  v - an uncursed ring of slow digestion
 Wands    ('/')
  N - a wand of cancellation (1:11)
  W - a blessed greased wand of death (1:5)
  t - a wand of death (0:4)
  k - a wand of digging (0:8)
  M - a wand of digging (0:2)
  Q - a wand of digging (0:0)
  a - a blessed wand of stasis (1:7)
 Tools    ('(')
  i - a blessed greased bag of holding containing 61 items
  P - an empty uncursed sack
  g - a greased magic flute (0:4)
  b - an uncursed blindfold
  o - an expensive camera (0:76)
  n - a blessed magic lamp (lit)
  S - an uncursed magic whistle
  E - the blessed greased Platinum Yendorian Express Card
  u - a blessed +0 unicorn horn
 Gems/Stones  ('*')
  X - a blessed luckstone

Contents of the bag of holding:
  2530 gold pieces
  4 blessed poisoned +4 shuriken
  2 blessed greased +5 shuriken
  a blessed +5 shuriken
  the blessed rustproof +6 Ogresmasher
  a blessed fireproof +0 shield of drain resistance
  an uncursed +0 shield of reflection
  a cursed +0 shield of reflection
  a blessed fireproof +4 alchemy smock with text "Rat: The other white meat"
  an uncursed +0 robe
  a blessed rotproof +4 gray dragon scale mail
  9 uncursed food rations
  an uncursed sprig of wolfsbane
  an uncursed scroll of amnesia
  2 uncursed scrolls of charging
  an uncursed scroll of earth
  4 blessed scrolls of enchant weapon
  an uncursed scroll of enchant weapon
  a cursed scroll of enchant weapon
  2 blessed scrolls of identify
  2 blessed scrolls of scare monster
  2 uncursed scrolls of scare monster
  2 uncursed scrolls of stinking cloud
  a blessed scroll of teleportation
  19 uncursed scrolls of teleportation
  6 uncursed potions of fruit juice
  a cursed potion of object detection
  4 uncursed potions of oil
  2 blessed potions of restore ability
  9 potions of holy water
  2 potions of unholy water
  an uncursed ring of hunger
  an uncursed ring of levitation
  an uncursed ring of polymorph
  an uncursed ring of protection from shape changers
  an uncursed ring of stealth
  an uncursed ring of sustain ability
  a wand of create monster (0:12)
  a wand of death (1:8)
  a wand of digging (0:0)
  a blessed wand of probing (0:7)
  a wand of secret door detection (1:11)
  a wand of striking (0:6)
  a wand of striking (0:6)
  a wand of undead turning (0:8)
  a can of grease (0:7)
  an uncursed magic lamp
  a magic marker (0:31)
  a +0 pick-axe
  an uncursed skeleton key
  an uncursed stethoscope
  2 uncursed agate stones
  an uncursed agate stone
  3 uncursed amethyst stones
  an uncursed aquamarine stone
  6 uncursed diamonds
  3 uncursed fluorite stones
  4 uncursed opals
  6 uncursed rubies
  an uncursed luckstone
  an uncursed touchstone

Brudee the Tourist's attributes:

Background:
 You were a Voyager, a level 25 female human Tourist.
 You were neutral, on a mission for The Lady
 who was opposed by Blind Io (lawful) and Offler (chaotic).
 You were right-handed.
 You were in the endgame, on the Astral Plane.
 You entered the dungeon 51375 turns ago.
 You had 50092978 experience points, 9907022 more were needed for level 26.
 Your score was 1588189 before end-of-game adjustments.

Basics:
 You had 108 out of 201 hit points.
 You had all 158 energy points (spell power).
 Your armor class was -35.
 Your wallet was empty, but
 you had 2530 zorkmids stashed away in your pack.
 Autopickup was on for '?!' plus thrown.

Final Characteristics:
 Your strength was 18/90 (limit:18/100).
 Your dexterity was 20 (base:16, innate limit:18).
 Your constitution was 17 (peak:18, limit:18).
 Your intelligence was 18 (limit:18).
 Your wisdom was 18 (limit:18).
 Your charisma was 18 (limit:18).

Final Status:
 You weren't hungry.
 You were unencumbered.
 You were wielding two weapons at once.
 Your two weapon skill was limited by being basic with long sword.
 You were skilled in knife and two weapons.

Final Attributes:
 You were piously aligned.
 You were magic-protected.
 You were fire resistant.
 You were cold resistant.
 You were sleep resistant.
 You were disintegration resistant.
 You were shock resistant.
 Your items were protected from electric shocks.
 You were poison resistant.
 You saw invisible.
 You were telepathic.
 You had automatic searching.
 You were invisible to others.
 You could jump.
 You had teleport control.
 You had a small bonus to hit (+3).
 You had a moderate defense bonus (+9).
 You were warded.
 You took half spell damage.
 You were very fast.
 You had free action.
 You were extremely lucky.
 You had extra luck.
 Good luck did not time out for you.
 You survived after being killed once.

Miscellaneous:
 You didn't encounter any bones levels.
 Total elapsed playing time was 23 hours, 6 minutes and 39 seconds.

Major events:
 Turn
    1: Brudee the neutral female human Tourist entered the dungeon
 2030: attained the rank of Sightseer (level 3)
 5714: was bestowed with Ogresmasher by The Lady
 6517: entered the Gnomish Mines
 6530: attained the rank of Excursionist (level 6)
 6819: reached Mine Town
12493: acquired the Mines' End luckstone
14325: attained the rank of Peregrinatrix (level 10)
14762: entered Sokoban
14999: completed 1st Sokoban level
15423: completed 2nd Sokoban level
15761: completed 3rd Sokoban level
16261: completed 4th Sokoban level
16544: acquired the Sokoban amulet of reflection
17074: entered the Bigroom
18251: entered Home 1, the Quest
22758: was bestowed with Vorpal Blade by The Lady
24114: killed Croesus
28202: attained the rank of Traveler (level 14)
29208: killed Medusa
30164: Twoflower has granted access to proceed deeper into the quest
30171: entered Home 2, the Quest
30330: entered Home 3, the Quest
32309: entered Home 4, the Quest
32369: entered Home 5, the Quest
32540: entered Home 6, the Quest
33052: killed the Master of Thieves
33052: found the Platinum Yendorian Express Card carried by a monster
33054: acquired the Bell of Opening
36613: attained the rank of Journeyer (level 18)
37385: entered Gehennom
37920: killed Juiblex
40782: killed Asmodeus
40842: made her first wish - "blessed greased fixed +2 gauntlets of dexterity", got "a greased pair of padded gloves"
41149: killed Baalzebub
42143: killed Orcus
42388: killed Yeenoghu
43044: wished for "2 blessed scrolls of genocide", got "2 scrolls labeled ABRA KA DABRA"
43049: performed her first genocide (class L)
43050: genocided class ;
43056: genocided master mind flayers
43058: genocided class c
43063: genocided green slimes
43064: wished for "blessed fixed greased +2 cloak of magic resistance", got "a greased ornamental cope"
43214: wished for "amulet of life saving", got "an amulet of life saving"
44001: destroyed Vlad the Impaler
44002: acquired the Candelabrum of Invocation
44014: wished for "magic marker", got "a magic marker"
48175: killed the Wizard of Yendor
48183: acquired the Book of the Dead
48321: killed the Wizard of Yendor (2nd time)
48417: performed the invocation
49053: killed the high priest of Moloch
49064: acquired The Amulet of Yendor
49064: wished for "3 tins of spinach", got "3 tins"
49761: killed the Wizard of Yendor (3rd time)
50892: entered the Elemental Planes
50892: entered Plane of Earth
51064: entered Plane of Air
51084: killed the Wizard of Yendor (5th time)
51125: entered Plane of Fire
51151: entered Plane of Water
51273: entered the Astral Plane
51297: found Sunsword carried by a monster
51321: averted death (killed by Famine)
51329: killed Famine
51375: ascended

Spells:
 Name                 Level Category     Fail Retention
 jumping                1   escape         0%    1%-25%
 slow monster           2   enchantment    0%   26%-50%
 identify               3   divination     0%    (gone)
 knock                  1   matter         0%    (gone)
 detect treasure        4   divination     0%    (gone)
 detect monsters        1   divination     0%    (gone)
 extra healing          3   healing        9%    (gone)
 confuse monster        1   enchantment    0%    (gone)
 create monster         2   clerical       0%    (gone)
 wizard lock            2   matter         0%    1%-25%
 light                  1   divination     0%    1%-10%
 chain lightning        2   attack         0%    1%-25%
 restore ability        4   healing       78%    1%-25%
 healing                1   healing        0%    1%-25%
 cure sickness          3   healing        9%   26%-50%
 haste self             3   escape         1%   26%-50%
 polymorph              6   matter       100%   26%-50%

Skills:
 Fighting Skills
   bare handed combat [Unskilled]
   two weapon combat  [Skilled]
   riding             [Unskilled]
 Weapon Skills
   dagger             [Unskilled]
   knife              [Skilled]
   axe                [Unskilled]
   pick-axe           [Basic]
   short sword        [Unskilled]
   broadsword         [Unskilled]
   long sword         [Basic]
   two-handed sword   [Unskilled]
   saber              [Unskilled]
   mace               [Unskilled]
   morning star       [Unskilled]
   flail              [Unskilled]
   hammer             [Basic]
   quarterstaff       [Unskilled]
   polearms           [Unskilled]
   spear              [Unskilled]
   trident            [Unskilled]
   lance              [Unskilled]
   bow                [Unskilled]
   sling              [Unskilled]
   crossbow           [Unskilled]
   dart               [Skilled]
   shuriken           [Basic]
   boomerang          [Unskilled]
   whip               [Unskilled]
   unicorn horn       [Unskilled]
 Spellcasting Skills
   divination spells  [Basic]
   enchantment spells [Unskilled]
   escape spells      [Unskilled]

Voluntary challenges:
 Character rerolling was not enabled.
 You genocided 15 types of monsters.
 You used 6 wishes.
 You did not wish for any artifacts.
 You violated the special Sokoban rules thrice.
Achievements:
 You entered a shop.
 You attained the rank of Sightseer.
 You entered the Gnomish Mines.
 You attained the rank of Excursionist.
 You entered Minetown.
 You entered a temple.
 You completed the Gnomish Mines.
 You attained the rank of Peregrinatrix.
 You entered Sokoban.
 You completed Sokoban.
 You entered the Big Room.
 You attained the rank of Traveler.
 You defeated Medusa.
 You handled the Bell of Opening.
 You attained the rank of Journeyer.
 You entered Gehennom.
 You handled the Candelabrum of Invocation.
 You handled the Book of the Dead.
 You gained access to Moloch's Sanctum.
 You reached the Elemental Planes.
 You reached the Astral Plane.
 You delivered the Amulet of Yendor.
 You ascended!

 The Elemental Planes:
    Astral Plane: <- You are here.
       A temple and an altar to The Lady.
    Plane of Water:
    Plane of Fire:
    Plane of Air:
    Plane of Earth:
 The Dungeons of Doom: levels 1 to 25
    Level 1:
       An altar to The Lady, a fountain.
       One way stairs up to The Elemental Planes.
    Level 2:
       A general store, many altars.
    Level 3:
       A weapon shop, a fountain.
       Stairs down to The Gnomish Mines.
    Level 4:
       An armor shop, a fountain.
    Level 5:
       A weapon shop.
    Level 6:
    Level 7: "GRAY UNICORN"
       A grave.
    Level 8:
       Many fountains.
       Oracle of Delphi.
    Level 9:
       Stairs up to Sokoban, level 8.
    Level 10:
       A very big room.
    Level 11:
    Level 12:
       A grave.
    Level 13:
       A fountain.
       Portal to Fort Ludios.
    Level 14:
    Level 15:
       Many fountains.
       Portal to The Quest.
    Level 16:
       A primitive area.
    Level 17:
    Level 18:
       Some fountains.
    Level 19:
       A fountain.
    Level 20:
       A fountain.
    Level 21:
    Level 22:
    Level 23:
    Level 24:
    Level 25:
       Connection to Gehennom.
 Gehennom: levels 26 to 47
    Level 26:
       A temple and an altar, many graves.
       Valley of the Dead.
    Level 27:
    Level 28:
    Level 29:
       A fountain.
    Level 30:
    Level 31:
    Level 32:
    Level 33:
    Level 34:
    Level 35:
       Some shops, an altar, many graves.
    Level 36:
    Level 37:
       Stairs up to Vlad's Tower, level 36.
    Level 38:
    Level 39:
    Level 40:
    Level 41:
    Level 42:
    Level 43:
    Level 44:
    Level 45:
    Level 46:
    Level 47:
       A temple and an altar, many graves.
       Moloch's Sanctum.
 The Gnomish Mines: levels 4 to 11
    Level 4:
    Level 5:
    Level 6:
    Level 7:
       Many shops, a temple and an altar to The Lady, some fountains.
    Level 8: "GRAY UNICORN"
    Level 9:
    Level 10:
    Level 11:
       A fountain.
 The Quest: levels 1 to 6
    Level 1:
       A throne, many graves.
       Completed quest for Twoflower.
    Level 2:
    Level 3:
       Some shops, a temple, many graves.
    Level 4:
    Level 5:
    Level 6:
       Some shops, some graves.
 Sokoban: levels 8 up to 5
    Level 5:
       Solved.
    Level 6:
       Solved.
    Level 7:
       Solved.
    Level 8:
       Solved.
 Fort Ludios:
    Level 1:
       Fort Ludios.
 Vlad's Tower: levels 36 up to 34
    Level 34:
    Level 35:
    Level 36:


Vanquished creatures:
    Asmodeus
    Baalzebub
    Orcus
    Yeenoghu
    Juiblex
the Wizard of Yendor (5 times)
    Famine
    Vlad the Impaler
 an arch-lich
  a high cleric
 an erinys
  a mastodon
    Medusa
    Croesus
the Master of Thieves
 10 iron golems
  2 master liches
  7 storm giants
  a titan
  2 glass golems
  6 balrogs
  3 purple worms
  3 gray dragons
  3 gold dragons
  5 silver dragons
 11 red dragons
  a white dragon
  3 orange dragons
  3 black dragons
  5 blue dragons
  3 green dragons
  2 yellow dragons
 28 minotaurs
  3 jabberwocks
  7 baluchitheria
  9 Angels
  2 demiliches
  4 stone golems
  6 master mind flayers
  7 Olog-hai
  3 Nazgul
 13 pit fiends
  3 sandestins
  7 hell hounds
  4 displacer beasts
  3 titanotheres
  4 trappers
  2 baby red dragons
  a baby yellow dragon
  2 guardian nagas
  7 genetic engineers
  7 disenchanters
 35 vampire leaders
  6 skeletons
 14 aligned clerics
 10 captains
  6 shades
  7 liches
  4 water trolls
  a clay golem
  a nurse
  3 ice devils
  7 nalfeshnees
  3 lurkers above
  2 Aleaxes
  a frost giant
  8 ettins
  3 golden nagas
 14 black puddings
 33 vampires
 13 lieutenants
 50 ghosts
  2 queen bees
  6 winged gargoyles
  4 mind flayers
 16 giant mimics
  4 long worms
  6 zruties
  5 fire giants
 14 ogre tyrants
  3 ice trolls
 13 rock trolls
  8 umber hulks
  9 flesh golems
  9 elven monarchs
  3 doppelgangers
 10 hezrous
 13 bone devils
 10 large mimics
  2 wumpuses
  2 fire vortices
  2 couatls
 10 stalkers
  4 air elementals
  9 fire elementals
 12 earth elementals
 12 hill giants
  5 giant mummies
  a black naga
 12 xorns
 21 giant zombies
  9 elf-nobles
 26 sergeants
  6 barbed devils
 13 vrocks
  9 salamanders
  9 wargs
  4 winter wolves
 12 hell hound pups
 22 small mimics
  2 glass piercers
  3 warhorses
 10 steam vortices
 11 xans
  5 ettin mummies
  6 ogre leaders
 12 quantum mechanics
 28 trolls
  2 sasquatches
  a wood golem
  9 mariliths
  a djinni
  4 sharks
  8 gelatinous cubes
  8 pyrolisks
  4 large dogs
  3 freezing spheres
  9 flaming spheres
  8 shocking spheres
  3 large cats
  4 tigers
  6 gargoyles
  3 dwarf rulers
  4 tengu
  6 ochre jellies
 15 leocrottas
  2 energy vortices
  5 mountain centaurs
 10 stone giants
  7 elf mummies
  5 human mummies
 13 red nagas
  5 green slimes
  6 pythons
  9 pit vipers
  5 cobras
 51 wraiths
  2 carnivorous apes
 22 ettin zombies
  2 leather golems
  3 Grey-elves
120 soldiers
  a watchman
 11 amorous demons
 18 horned devils
  7 chameleons
 72 giant beetles
  7 quivering blobs
 11 cockatrices
 12 wolves
 19 winter wolf cubs
  3 lynxes
153 gremlins
  3 spotted jellies
 22 leprechauns
  8 orc-captains
  9 iron piercers
  2 mumakil
143 giant spiders
 20 scorpions
  4 horses
  6 ice vortices
 12 black lights
 11 vampire bats
 32 forest centaurs
  9 gnome rulers
  3 orc mummies
  5 dwarf mummies
  6 ogres
  2 brown puddings
 13 rust monsters
 10 owlbears
  7 yetis
  4 gold golems
  5 werewolves
  9 Green-elves
  a piranha
  8 giant eels
  9 lizards
  a chickatrice
  2 dingoes
  3 housecats
  6 jaguars
  2 dwarf leaders
  4 blue jellies
  6 white unicorns
  a gray unicorn
  3 black unicorns
  7 dust vortices
  7 ravens
  7 plains centaurs
  7 gnome mummies
  5 snakes
 12 water moccasins
 an ape
 26 human zombies
  a rope golem
  5 Woodland-elves
 44 soldier ants
 30 fire ants
 31 bugbears
  4 imps
  3 lemures
  7 quasits
  4 wood nymphs
  a water nymph
  4 mountain nymphs
  5 Mordor orcs
  8 Uruk-hai
  7 orc shamans
  7 rock piercers
  8 rock moles
  a pony
  8 fog clouds
 15 yellow lights
  5 shriekers
  2 violet fungi
 29 gnome leaders
  9 gnomish wizards
  a Kop Lieutenant
  6 kobold mummies
  8 gray oozes
  3 barrow wights
 18 elf zombies
 19 ghouls
  3 straw golems
  5 paper golems
  5 jellyfish
  a baby crocodile
 68 giant ants
  a little dog
 11 floating eyes
 26 dwarves
  4 homunculi
  2 kobold leaders
  4 kobold shamans
 39 hill orcs
 38 rothes
  3 rabid rats
 10 centipedes
  a giant bat
 21 orc zombies
 14 dwarf zombies
  3 wererats
  3 werejackals
 19 iguanas
107 killer bees
  5 acid blobs
  2 coyotes
  a gas spore
 10 hobbits
  3 manes
  5 large kobolds
 31 hobgoblins
 11 giant rats
 24 cave spiders
  4 brown molds
  7 yellow molds
  3 green molds
  a red mold
 70 gnomes
 16 garter snakes
 22 gnome zombies
 15 geckos
 10 jackals
  2 foxes
  8 kobolds
  8 goblins
  a sewer rat
 13 grid bugs
  4 bats
 14 lichens
 16 kobold zombies
 14 newts
2989 creatures vanquished.

Genocided or extinct species:
 arch-liches
 erinyes (extinct)
 krakens
 master liches
 demiliches
 master mind flayers
 liches
 sharks
 electric eels
 pyrolisks
 green slimes
 soldiers (extinct)
 cockatrices
 giant spiders (extinct)
 piranha
 giant eels
 chickatrices
 jellyfish
15 species genocided.
3 species extinct.

Aloha Brudee the Demigoddess...

You went to your reward with 3257978 points,
Ogresmasher (worth 200 zorkmids and 500 points)
Vorpal Blade (worth 4000 zorkmids and 10000 points)
The Platinum Yendorian Express Card (worth 7000 zorkmids and 17500 points)
       6 diamonds (worth 24000 zorkmids),
       6 rubies (worth 21000 zorkmids),
       4 opals (worth 3200 zorkmids),
       3 amethyst stones (worth 1800 zorkmids),
       3 fluorite stones (worth 1200 zorkmids),
       3 agate stones (worth 600 zorkmids),
       1 aquamarine stone (worth 1500 zorkmids),
       1 amulet of magical breathing (worth 150 zorkmids),
       1 amulet of flying (worth 150 zorkmids),
and 2530 pieces of gold, after 51375 moves.
You were level 25 with a maximum of 201 hit points when you ascended.

